Map: Blueshift LE

Players

InZaNe

  • Race: Terran Terran
  • League: Grandmaster
  • Spawn Location: 1:00

Lambo - Winner!

  • Race: Zerg Zerg
  • League: Grandmaster
  • Spawn Location: 7:00

VOD

Have the link to the VOD?

Description

Time

  • Played on: Dec. 2, 2018, 1:27 p.m.
  • Length: 8:14
Show
View Real Time Build Order
Export as new Build Order

InZaNe Terran 

Build Orders: Reaper Expand 

Get SALT Encoding   

  12  0:01  SCV  
  13  0:13  SCV  
  14  0:17  Supply Depot  
  14  0:25  SCV  
  15  0:39  SCV  
  15  0:40  Barracks  
  16  0:44  Refinery  
  16  0:51  SCV  
  17  1:03  SCV  
  18  1:15  SCV  
  19  1:28  Orbital Command, Reaper  
  20  1:39  Command Center  
  20  1:51  Supply Depot  
  20  1:54  SCV  
  20  2:00  Marine  
  22  2:06  SCV  
  23  2:09  Factory  
  23  2:15  Refinery  
  23  2:18  SCV  
  23  2:21  Barracks Reactor  
  24  2:31  SCV  
  25  2:43  SCV  
  26  2:52  Orbital Command  
  26  2:55  SCV  
  27  3:02  Starport  
  26  3:06  Hellion  
  26  3:07  Hellion, SCV  
  26  3:09  Barracks Tech Lab  
  31  3:18  SCV  
  31  3:19  Supply Depot, SCV  
  33  3:28  Hellion x2  
  33  3:30  SCV  
  33  3:31  SCV  
  39  3:40  Viking  
  41  3:42  SCV  
  41  3:43  SCV  
  41  3:45  Stimpack  
  43  3:56  SCV x2  
  43  3:57  Barracks  
  43  3:59  Barracks  
  43  4:00  Factory Tech Lab  
  45  4:05  Supply Depot, Marine  
  45  4:08  SCV x2  
  48  4:10  Starport Reactor  
  48  4:20  Engineering Bay, SCV x2  
  48  4:21  Siege Tank  
  53  4:27  Supply Depot  
  53  4:28  Marine  
  54  4:32  SCV x2  
  56  4:39  Supply Depot  
  56  4:40  Refinery  
  56  4:42  Refinery  
  56  4:44  SCV x2  
  58  4:46  Marine  
  58  4:48  Marine x2  
  58  4:51  Starport Reactor  
  58  4:52  Terran Infantry Weapons Level 1  
  61  4:53  Marine  
  61  4:56  SCV x2  
  61  4:57  Supply Depot  
  64  5:00  Marine  
  64  5:04  Marine  
  66  5:07  Marine  
  66  5:08  Marine, Siege Tank, SCV  
  66  5:09  SCV  
  66  5:13  Marine  
  74  5:15  Supply Depot  
  74  5:18  Marine  
  75  5:23  Marine  
  75  5:25  Marine  
  75  5:27  Supply Depot  
  77  5:29  Medivac, Marine  
  77  5:31  Medivac  
  77  5:33  Marine  
  83  5:38  Marine  
  83  5:42  Supply Depot, Marine  
  85  5:44  Marine  
  85  5:45  Combat Shield  
  85  5:49  Marine, Siege Tank  
  90  5:57  Marine  
  90  5:58  Marine  
  90  6:00  Medivac, Supply Depot  
  94  6:04  Marine  
  94  6:09  Medivac  
  98  6:16  Marine  
  98  6:17  Supply Depot  
  100  6:23  Command Center  
  98  6:27  Siege Tank  
  98  6:29  Marine  
  98  6:32  Marine  
  103  6:37  Marine x2  
  103  6:43  Marine  
  103  6:47  Marine  
  103  6:50  Marine  
  103  6:51  Medivac x2  
  107  6:55  Marine x2  
  109  7:01  Marine  
  109  7:04  Command Center  
  110  7:10  Marine x2  
  110  7:11  Barracks x2  
  111  7:19  Marine  
  111  7:20  Supply Depot, Marine  
  111  7:21  Supply Depot  
  108  7:29  Marine x2  
  90  7:35  SCV  
  91  7:37  Marine  
  91  7:38  Siege Tank  
  91  7:39  Marine x2  
  91  7:43  SCV  
  105  8:04  Barracks Reactor x2  
Show
View Real Time Build Order
Export as new Build Order

Lambo Zerg - Winner!

Build Orders: Hatch First 

Get SALT Encoding   

  12  0:00  Drone  
  13  0:14  Overlord  
  13  0:17  Drone  
  14  0:33  Drone x2  
  16  0:49  Hatchery  
  15  0:51  Drone  
  15  0:54  Drone  
  17  0:58  Drone  
  18  1:07  Extractor  
  17  1:13  Spawning Pool  
  17  1:16  Drone  
  17  1:21  Drone  
  18  1:30  Drone  
  19  1:42  Drone  
  20  1:58  Overlord  
  20  2:01  Queen x2, Zergling x2  
  24  2:02  Zergling x2  
  26  2:11  Metabolic Boost  
  26  2:12  Drone  
  26  2:15  Drone  
  28  2:23  Drone  
  28  2:26  Spore Crawler  
  28  2:29  Drone  
  29  2:35  Overlord  
  29  2:37  Drone  
  29  2:40  Queen  
  33  2:46  Drone  
  34  2:56  Drone x2  
  36  3:04  Drone  
  37  3:06  Hatchery  
  37  3:08  Overlord  
  37  3:10  Drone x2  
  38  3:17  Drone  
  38  3:18  Drone  
  38  3:19  Queen  
  42  3:25  Drone x2  
  44  3:31  Overlord  
  44  3:32  Drone  
  45  3:37  Queen  
  47  3:46  Zergling x4  
  47  3:47  Zergling x4  
  51  3:50  Drone x2  
  53  3:57  Queen, Drone x2  
  53  3:59  Overlord  
  53  4:02  Overlord  
  57  4:10  Drone x2  
  59  4:19  Overlord  
  59  4:21  Lair  
  59  4:22  Drone x2  
  59  4:23  Baneling Nest  
  60  4:28  Zergling x6  
  60  4:30  Drone x3  
  66  4:34  Queen  
  66  4:38  Drone x2  
  70  4:40  Drone x2  
  70  4:44  Spore Crawler  
  71  4:48  Spore Crawler, Drone  
  71  4:50  Spore Crawler, Drone x2  
  72  4:53  Drone  
  72  4:54  Extractor  
  72  4:56  Extractor  
  72  4:59  Drone x2  
  73  5:02  Drone x4  
  73  5:03  Drone  
  73  5:06  Drone  
  79  5:09  Drone x2  
  79  5:11  Evolution Chamber  
  79  5:12  Evolution Chamber  
  79  5:14  Drone x2  
  81  5:18  Drone x2  
  81  5:30  Centrifical Hooks  
  81  5:32  Hatchery, Extractor  
  79  5:38  Overlord  
  79  5:40  Zerg Ground Armor Level 1, Overlord  
  79  5:43  Overlord  
  79  5:46  Overlord  
  79  5:52  Overlord x2  
  79  5:54  Overlord  
  79  5:56  Overlord  
  79  5:59  Zerg Melee Weapons Level 1  
  79  6:02  Zergling x18  
  88  6:08  Zergling x6  
  91  6:15  Zergling x8  
  95  6:19  Zergling x4  
  95  6:20  Zergling x6  
  95  6:23  Baneling x8  
  99  6:27  Zergling x2  
  99  6:28  Zergling x6  
  99  6:30  Zergling x4  
  105  6:40  Zergling x6  
  105  6:44  Baneling x6  
  108  6:48  Zergling x2  
  108  6:53  Zergling x6  
  106  6:54  Baneling x6  
  106  6:56  Zergling x20  
  106  6:57  Baneling x3  
  116  7:01  Queen  
  116  7:02  Zergling x2  
  116  7:03  Zergling x4  
  116  7:08  Baneling x4  
  121  7:12  Zergling x2  
  119  7:17  Zergling x8  
  118  7:29  Zergling x22  
  116  7:32  Baneling x9  
  116  7:43  Zergling x14  
  123  7:47  Zergling x2  
  123  7:48  Zergling x2  
  123  7:50  Zergling x2  
  125  7:53  Drone  
  125  7:56  Extractor, Hydralisk Den  
  125  7:57  Drone x3  
Tags
 
Add a new tag
Caveats
  • Supply blocks, unpowered buildings, or Contaminate may cause inaccurate times.
  • Supply counts are checked every 10 seconds.